 Dungeon Crawl Stone Soup version 0.14.2 (webtiles) character file.

338 FuckCats the Insei (level 5, -1/42 HPs)
             Began as a Mummy Monk on Jan 31, 2016.
             Killed from afar by an orc wizard (16 damage)
             ... with a puff of flame
             ... on Level 3 of the Dungeon.
             The game lasted 00:07:23 (5901 turns).

FuckCats the Insei (Mummy Monk)                     Turns: 5901, Time: 00:07:23

HP  -1/42        AC  0     Str 14      XL: 5   Next: 21%
MP   5/5         EV 13     Int  9      God:
Gold 174         SH  0     Dex 15      Spells:  0 memorised,  4 levels left

rFire  x . .     SeeInvis .       - Unarmed
rCold  + . .     Clarity  .     (no armour)
rNeg   + + +     Conserve .     (no shield)
rPois  +         rCorr    .     (no helmet)
rElec  .         rRot     +     (no cloak)
SustAb . .       Spirit   .     (no gloves)
rMut   .         Warding  .     (no boots)
Saprov . . .     Stasis   .     (no amulet)
MR     .....                    (no ring)
                                (no ring)

@: not resistant to hostile enchantments, fairly stealthy
A: no food or potions, fire vulnerability, restore body, cold resistance 1, life
protection 3, poison resistance, torment resistance, unbreathing
a: no special abilities


You were on level 3 of the Dungeon.
You were not hungry.

You visited 1 branch of the dungeon, and saw 3 of its levels.

You collected 174 gold pieces.


Innate Abilities, Weirdness & Mutations

You do not eat or drink.
Your flesh is vulnerable to fire.
Your flesh is cold resistant.
You are immune to negative energy.
Your system is resistant to poisons.
You are immune to unholy pain and torment.
You can survive without breathing.


   Skills:
 + Level 3.9 Fighting
 - Level 2.4 Dodging
 - Level 1.5 Stealth
 - Level 5.0 Unarmed Combat


You had 4 spell levels left.
You didn't know any spells.

Inventory:

Missiles
 e - 2 curare-tipped needles
Comestibles
 f - 2 bread rations
 g - a pear (quivered)
 h - an apple
Scrolls
 a - 3 scrolls of enchant armour {unknown}
 b - 4 scrolls of identify {unknown}
 c - a scroll of blinking {unknown}
 d - 2 scrolls of remove curse {unknown}
 j - a scroll of amnesia {unknown}
 k - 4 scrolls of enchant weapon II {unknown}

Dungeon Overview and Level Annotations

Branches:
Dungeon (3/15)

Altars:
Cheibriados
Dithmenos

Annotations:
D:3 Terence

··▒·▒▒·▒▒▒····▒·▒··#▒▒▒▒▒·▒
··▒·▒··▒·▒····▒·········▒·▒
··▒·▒·▒▒·▒····▒▒▒▒▒▒▒▒▒·▒·▒▒▒
(···▒·············· ▒·▒···▒
·▒·▒▒▒▒·▒·····▒▒▒▒ ▒·▒▒▒·▒▒
·▒····▒·······▒▒▒▒▒ ▒···▒··▒
·▒▒···▒▒▒▒·▒·▒▒▒oo ▒▒▒·▒▒·▒
··>(·········▒ ▒o▒ ▒·▒▒·▒
·▒▒·▒▒▒·▒···▒▒▒▒M▒ ▒·▒▒·▒
·▒▒▒▒▒▒·▒·(·▒····▒ ▒·▒▒·▒
········▒···▒·▒▒▒▒ ▒····▒
▒▒··▒▒··▒·····▒▒▒▒▒▒ ▒▒▒▒▒▒
▒·······▒···········▒
·▒▒▒·▒▒······▒▒▒▒▒▒· ·▒
▒·▒▒▒▒·▒▒····▒▒▒· ·▒
▒················▒ ·▒
▒▒▒▒▒▒·▒▒▒▒▒·▒▒▒▒


You could see 2 orc wizards and an orc.


Message History

One of your 3 scrolls labeled GHIHYA REERYQ catches fire!
Your scroll labeled CHOSHRY STOKOM catches fire!
* * * LOW HITPOINT WARNING * * *
You closely miss the orc wizard.
The orc wizard is moderately wounded.
You hit the orc.
The orc is moderately wounded.
You barely miss the orc.
The orc is moderately wounded.
You hit the orc.
You kill the orc!
The orc wizard misses you.
You see here a flail.
You barely miss the orc wizard.
The orc wizard is moderately wounded.
The orc wizard closely misses you.
You closely miss the orc wizard.
The orc wizard is moderately wounded.
The orc wizard hits you with a dagger.
* * * LOW HITPOINT WARNING * * *
An orc wizard comes into view. It is wielding a dagger.
You hit the orc wizard.
The orc wizard is severely wounded.
The orc wizard hits you with a dagger.
* * * LOW HITPOINT WARNING * * *
You barely miss the orc wizard.
The orc wizard is severely wounded.
The orc wizard casts a spell at you. The puff of flame hits you!
The fire burns you terribly!
You die...

Action                   |  1- 3 |  4- 6 || total
-------------------------+-------+-------++-------
Melee: Unarmed           |   157 |   227 ||   384
 Stab: Distracted        |     1 |       ||     1
       Sleeping          |     1 |     3 ||     4

Vault maps used:
D:1:      erik_arrival_cave_to_civilisation
D:2:      first_bread
D:3:      general_overflow_altar, grunt_dithmenos_smoke, min_item_tele_traps,
          uniq_terence

Notes
Turn   | Place    | Note
--------------------------------------------------------------
     0 | D:1      | FuckCats, the Mummy Monk, began the quest for the Orb.
     0 | D:1      | Reached XP level 1. HP: 18/18 MP: 1/1
   274 | D:1      | Reached XP level 2. HP: 17/24 MP: 2/2
   971 | D:1      | Reached skill level 4 in Unarmed Combat
  1153 | D:2      | Reached XP level 3. HP: 15/29 MP: 3/3
  2814 | D:2      | Reached XP level 4. HP: 22/35 MP: 4/4
  3843 | D:2      | Reached skill level 5 in Unarmed Combat
  4995 | D:3      | Reached XP level 5. HP: 41/41 MP: 5/5
  5021 | D:3      | Noticed Terence
  5320 | D:3      | Found a shadowy altar of Dithmenos.
  5852 | D:3      | Found a snail-covered altar of Cheibriados.
  5901 | D:3      | Killed from afar by an orc wizard

Vanquished Creatures
  A gnoll (D:1)
  4 adders
  4 worms
  3 giant geckos
  2 oozes
  6 orcs (D:3)
  A giant cockroach (D:2)
  12 goblins
  7 hobgoblins
  20 jackals
  5 kobolds
  6 bats
  2 giant newts (D:3)
  2 quokkas (D:2)
  8 rats
83 creatures vanquished.
